Map: Scythe of Amon

Players

CtG

  • Race: Terran Terran
  • Spawn Location: 5:00

Yuriprime

  • Race: Protoss Protoss
  • Spawn Location: 5:00

VOD

Have the link to the VOD?

Description

Time

  • Played on: Sept. 3, 2017, 1:42 a.m.
  • Length: 8:35
Show
View Real Time Build Order
Export as new Build Order

CtG Terran 

Build Orders:  

Get SALT Encoding   

  12  0:03  SCV  
  13  0:20  SCV  
  14  0:33  Supply Depot  
  14  0:37  SCV  
  15  0:53  SCV  
  16  1:22  Command Center  
  16  1:25  SCV  
  17  1:41  Barracks  
  17  1:42  SCV  
  18  1:56  SCV  
  19  2:14  Orbital Command  
  19  2:22  Barracks  
  19  2:30  Refinery  
  20  2:47  SCV  
  20  3:02  Orbital Command, Marine  
  20  3:03  Bunker  
  20  3:04  Marine  
  22  3:12  Marine  
  22  3:14  Marine  
  24  3:23  SCV  
  24  3:29  Marine  
  25  3:37  SCV  
  26  3:41  SCV  
  26  3:48  Marine  
  28  3:59  Barracks  
  29  4:17  Combat Shields  
  29  4:34  Barracks  
  29  4:36  Barracks Tech Lab  
  29  4:37  Barracks  
  29  4:48  SCV  
  29  4:49  SCV  
  31  4:54  Supply Depot, Marine x2  
  31  4:56  Supply Depot  
  33  5:01  Marine  
  33  5:04  Marine  
  35  5:10  Marine x2  
  35  5:11  Medic, Marine  
  35  5:14  Marine, Supply Depot  
  41  5:20  Marine x2  
  41  5:22  Medic  
  41  5:28  Marine x2  
  45  5:32  Medic, Marine x2  
  45  5:38  Marine x2  
  51  5:48  Supply Depot  
  53  5:52  Marine x2  
  53  5:53  Marine  
  53  5:58  Medic  
  58  6:11  Marine x5  
  63  6:21  Medic, Marine x2  
  63  6:28  Marine x2  
  64  6:31  Marine  
  64  6:36  Marauder  
  64  6:39  Marine  
  67  6:44  Marine  
  67  6:45  Marine  
  67  6:48  Marine  
  67  6:54  Marauder  
  67  7:06  Marine x4  
  67  7:07  Marine  
  69  7:16  Marine x2  
  69  7:19  Marine  
  69  7:20  Marine  
  67  7:30  Marine x3  
  70  7:50  Marine x3  
Show
View Real Time Build Order
Export as new Build Order

Yuriprime Protoss 

Build Orders:  

Get SALT Encoding   

  12  0:03  Probe (Chrono Boost)  
  12  0:07  Dark Pylon  
  13  0:17  Probe (Chrono Boost)  
  14  0:21  Assimilator  
  14  0:30  Probe (Chrono Boost)  
  14  0:37  Assimilator  
  16  0:56  Gateway  
  15  1:00  Probe (Chrono Boost)  
  16  1:14  Probe (Chrono Boost)  
  17  1:21  Forge  
  17  1:32  Assimilator  
  17  1:33  Probe (Chrono Boost)  
  18  1:49  Probe  
  19  2:02  Cybernetics Core  
  19  2:08  Pylon  
  19  2:12  Protoss Ground Weapons Level 1  
  19  2:16  Probe  
  20  2:35  Probe  
  21  2:45  Gateway  
  21  2:54  Twilight Council  
  21  2:55  Warp Gate  
  21  2:57  Probe  
  22  3:35  Gateway  
  22  3:38  Gateway  
  22  3:43  Pylon  
  22  3:49  Dark Pylon  
  22  3:50  Dark Shrine  
  22  4:38  Gateway  
  22  4:40  Gateway  
  22  4:42  Pylon  
  22  4:44  Shadow Fury (Chrono Boost)  
  22  4:55  Dark Templar  
  24  5:07  Dark Templar  
  26  5:22  Dark Templar  
  26  5:29  Dark Templar  
  30  5:44  Dark Templar  
  30  5:47  Pylon  
  32  5:56  Dark Templar  
  34  6:13  Dark Templar x2  
  38  6:26  Dark Templar Blink (Chrono Boost), Dark Templar  
  40  6:45  Dark Templar x2  
  44  6:56  Dark Templar  
  46  7:26  Dark Templar x3  
  52  7:55  Dark Pylon  
  52  8:10  Dark Templar x3  
Tags
 
Add a new tag
Caveats
  • Supply blocks, unpowered buildings, or Contaminate may cause inaccurate times.
  • Supply counts are checked every 10 seconds.